 Dungeon Crawl Stone Soup version 0.31-a0-175-g9f7f995f2b (webtiles) character file.

Game seed: 5071185278757176292

60 qw the Shooter (level 4, -1/39 HPs)
             Began as a Naga Hunter on June 16, 2023.
             Slain by a ball python (3 damage)
             ... on level 2 of the Dungeon.
             The game lasted 00:00:28 (884 turns).

qw the Shooter (Naga Hunter)                         Turns: 884, Time: 00:00:29

Health: -1/39      AC:  2    Str: 13    XL:     4   Next: 4%
Magic:  4/4        EV:  9    Int:  9    God:
Gold:   39         SH:  0    Dex: 17    Spells: 3/3 levels left

rFire   . . .        Y - +0 shortbow
rCold   . . .        (shield currently unavailable)
rNeg    + . .        c - +0 leather armour
rPois   +            (no helmet)
rElec   .            (no cloak)
rCorr   .            (no gloves)
SInv    +            (no barding)
Will    .....        h - amulet of regeneration
Stlth   ++           f - ring of positive energy
HPRegen 1.06/turn    (no ring)
MPRegen 0.09/turn

%: no passive effects
@: short of breath, very slow
A: AC +1, large, see invisible, deformed body, poison resistance, slowness 2,
spit poison 1, naga tail 1
a: Spit Poison


You were on level 2 of the Dungeon.
You visited 1 branch of the dungeon, and saw 2 of its levels.

You collected 39 gold pieces.


Innate Abilities, Weirdness & Mutations

Your serpentine skin is tough. (AC +1)
You have supernaturally acute eyesight. (SInv)
Armour fits poorly on your strangely shaped body.
Your system is resistant to poisons. (rPois)
You cover ground very slowly.
You can spit poison.
You have a snake-like lower body.


   Skills:
 + Level 2.1 Fighting
 - Level 5.0 Ranged Weapons
 - Level 1.5 Dodging
 - Level 1.5 Stealth


You had 3 spell levels left.
You didn't know any spells.
Your spell library was empty.

Inventory:

Hand Weapons
 Y - a +0 shortbow (weapon)
Armour
 c - a +0 leather armour (worn)
Jewellery
 f - a ring of positive energy (left hand)
 h - an amulet of regeneration (around neck)
Scrolls
 a - a scroll of brand weapon {unknown}

Dungeon Overview and Level Annotations

Branches:
Dungeon (2/15)

Altars:

Annotations:
D:2 Terence


Message History

A ball python comes into view.
You shoot an arrow. The arrow hits Terence.
Terence is heavily wounded.
A jackal comes into view.
You shoot an arrow. The jackal barks!
The arrow hits Terence but does no damage.
Terence is heavily wounded.
Terence hits you with a +0 hand axe. The jackal barely misses you.
You shoot an arrow.
The arrow hits Terence but does no damage.
Terence is severely wounded.
The jackal bites you but does no damage.
Terence hits you with a +0 hand axe.
You shoot an arrow.
The arrow hits Terence but does no damage.
Terence is severely wounded.
Terence looks more healthy.
The jackal bites you but does no damage.
Terence hits you with a +0 hand axe! The ball python bites you.
The jackal closely misses you. The jackal bites you.
You shoot an arrow.
The arrow hits Terence but does no damage.
Terence is severely wounded.
You have got your breath back.
The jackal bites you. The ball python bites you.
Terence bares his teeth.
Terence hits you with a +0 hand axe. The jackal bites you.
The jackal bites you but does no damage.
The ball python bites you. Terence hits you with a +0 hand axe!
884 ||| INVOKING Spit Poison.
Aiming: Spit Poison (1% risk of failure)
Press: ? - help, Shift-Dir - straight line, f/p - Terence The splash of poison hits Terence but does no damage.
Terence is poisoned.
Terence is severely wounded.
The jackal misses you.
The jackal bites you but does no damage.
The jackal closely misses you. The ball python bites you.
You die...

+......... >.
#.)......##.#
#...........#
..).........#
#.......%..###
#............
#.....hSh.#
#.....h@@.#
#####+##..#
#.##.##.#
#.......#
####...##..#
#.......#..#
#.##....# ...
# #.##.####
####
#.###.#.....#


You could see Terence (poisoned), 3 jackals and a ball python.

Vanquished Creatures
  An adder (D:2)
  A worm (D:2)
  A dart slug (D:1)
  5 bats
  4 endoplasms
  2 giant cockroaches (D:1)
  3 goblins
  4 hobgoblins (D:1)
  3 jackals
  3 kobolds (D:1)
  2 quokkas (D:1)
  6 ball pythons (D:1)
  4 frilled lizards (D:1)
  4 rats (D:1)
  A spectral hobgoblin (D:1)
44 creatures vanquished.

Notes
Turn   | Place    | Note
-------+----------+-------------------------------------------
     0 | D:1      | qw the Naga Hunter began the quest for the Orb.
     0 | D:1      | Reached XP level 1. HP: 19/19 MP: 1/1
     0 | D:1      | 0 ||| qw: Version: 0.2-a-29-g511e9b1
     0 | D:1      | 0 ||| qw: Game counter: 5786
     0 | D:1      | 0 ||| qw: Always use a shield: true
     0 | D:1      | 0 ||| qw: God list: Okawaru
     0 | D:1      | 0 ||| qw: Allow faded altars: false
     0 | D:1      | 0 ||| qw: Do Orc after D:15 true
     0 | D:1      | 0 ||| qw: Do second Lair branch before Depths: true
     0 | D:1      | 0 ||| qw: Lair rune preference: random
     0 | D:1      | 0 ||| qw: Plans: Normal
     0 | D:1      | 0 ||| PLANNING D:1-11
    30 | D:1      | 30 ||| INVOKING Spit Poison.
    35 | D:1      | 35 ||| INVOKING Spit Poison.
    55 | D:1      | 55 ||| INVOKING Spit Poison.
    82 | D:1      | 82 ||| INVOKING Spit Poison.
    92 | D:1      | Found a faded altar of an unknown god.
   163 | D:1      | Reached skill level 4 in Ranged Weapons
   163 | D:1      | Reached XP level 2. HP: 26/26 MP: 2/2
   175 | D:1      | 175 ||| INVOKING Spit Poison.
   187 | D:1      | 187 ||| INVOKING Spit Poison.
   238 | D:1      | 238 ||| INVOKING Spit Poison.
   243 | D:1      | 243 ||| INVOKING Spit Poison.
   254 | D:1      | 254 ||| INVOKING Spit Poison.
   260 | D:1      | 260 ||| INVOKING Spit Poison.
   274 | D:1      | 274 ||| INVOKING Spit Poison.
   290 | D:1      | Reached XP level 3. HP: 32/32 MP: 3/3
   296 | D:1      | 296 ||| INVOKING Spit Poison.
   300 | D:1      | 300 ||| INVOKING Spit Poison.
   301 | D:1      | 301 ||| Stepping ~*~*~tactically~*~*~ (outnumbered).
   305 | D:1      | 305 ||| INVOKING Spit Poison.
   423 | D:1      | 423 ||| INVOKING Spit Poison.
   426 | D:1      | 426 ||| INVOKING Spit Poison.
   448 | D:1      | 448 ||| INVOKING Spit Poison.
   461 | D:1      | 461 ||| INVOKING Spit Poison.
   579 | D:1      | 579 ||| INVOKING Spit Poison.
   587 | D:1      | 587 ||| INVOKING Spit Poison.
   602 | D:1      | 602 ||| INVOKING Spit Poison.
   752 | D:1      | 752 ||| UPGRADING to amulet of regeneration.
   757 | D:1      | 757 ||| UPGRADING to ring of positive energy.
   758 | D:1      | 758 ||| DROPPING ring of wizardry.
   759 | D:1      | 759 ||| READING scroll labelled ASYSEEBLEH.
   760 | D:1      | 760 ||| READING scroll labelled ONYBLO ERIAXKI.
   761 | D:1      | 761 ||| READING scroll labelled VOGUCW HOHU.
   762 | D:1      | 762 ||| DROPPING scroll of butterflies.
   799 | D:2      | 799 ||| INVOKING Spit Poison.
   818 | D:2      | 818 ||| INVOKING Spit Poison.
   819 | D:2      | 819 ||| INVOKING Spit Poison.
   829 | D:2      | 829 ||| INVOKING Spit Poison.
   832 | D:2      | 832 ||| INVOKING Spit Poison.
   841 | D:2      | 841 ||| INVOKING Spit Poison.
   845 | D:2      | Reached skill level 5 in Ranged Weapons
   845 | D:2      | Reached XP level 4. HP: 39/39 MP: 4/4
   874 | D:2      | 874 ||| INVOKING Spit Poison.
   876 | D:2      | Noticed Terence
   877 | D:2      | 877 ||| INVOKING Spit Poison.
   883 | D:2      | HP: 8/39 [ball python (2)]
   883 | D:2      | HP: 1/39 [Terence/+0 hand axe (7)]
   884 | D:2      | 884 ||| INVOKING Spit Poison.
   884 | D:2      | Slain by a ball python

Levels and vault maps discovered:
D:1:      amcnicky_arrival_double_pillar, layout_loops_cross,
          dreamdust_ecumenical_altar_drowned_temple, grunt_decor_fettered,
          chequers_serial_rivers_micro_d, minmay_misc_feat_iff,
          minmay_tetromino_l4
D:2:      minmay_razor_zed, layout_basic, uniq_terence

Skill      XL: |  1  2  3 |
---------------+----------+-----
Ranged Weapons | 4 5 |  5.0
Fighting       | |  2.1
Dodging        | |  1.5
Stealth        | |  1.5

Action                     |  1- 3 |  4- 6 || total
---------------------------+-------+-------++-------
   Fire: Shortbow          |    76 |    11 ||    87
Ability: Spit Poison       |    26 |     3 ||    29
    Use: Scroll            |     3 |       ||     3
 Armour: Leather armour    |     6 |     6 ||    12
  Dodge: Dodged            |    22 |     5 ||    27

Table legend:
 A = Non-vault XP
 B = Vault XP
 C = Vault XP percentage of total XP
 D = Non-vault monster count
 E = Vault monster count
 F = Vault count percentage of total count
                 A         B        C        D         E       F
            +---------+---------+-------+---------+---------+-------
      Total |      76 |      10 |  11.6 |      37 |       7 |  15.9
            +---------+---------+-------+---------+---------+-------
        D:1 |      51 |      10 |  16.4 |      31 |       7 |  18.4
        D:2 |      25 |       0 |   0.0 |       6 |       0 |   0.0
            +---------+---------+-------+---------+---------+-------
